 Dungeon Crawl Stone Soup version 0.31-a0-544-gceb718ecc6 (webtiles) character file.

Game seed: 15187748231664353740

1344 lunkers the Martial Artist (level 9, 0/70 HPs)
             Began as a Meteoran Shapeshifter on Aug 15, 2023.
             Was an Initiate of Ru.
             Asphyxiated
             ... on level 7 of the Dungeon.
             The game lasted 00:06:07 (2425 turns).

lunkers the Martial Artist (Meteoran Shapeshifter)  Turns: 2425, Time: 00:06:08

Health: 0/70       AC:  9    Str: 16    XL:     9   Next: 15%
Magic:  0/10       EV:  8    Int: 12    God:    Ru [......]
Gold:   156        SH:  0    Dex: 18    Spells: 8/8 levels left

rFire   + .          .
                       - Unarmed
rCold   . . .        (no shield)
rNeg    . . .        k - +1 chain mail {rF+}
rPois   .            (helmet currently unavailable)
rElec   .            (cloak currently unavailable)
rCorr   .            (gloves currently unavailable)
SInv    .            (boots currently unavailable)
Will    +....        l - amulet of guardian spirit Stlth
                     w - ring of wizardry
HPRegen 0.31/turn    (no ring)
MPRegen 0.12/turn

%: guardian spirit, wizardry (x1)
@: brilliant, lethally poisoned (0 -> -21), beast-form, slowed, glowing, very
slow
A: beast (slay +4), sense surroundings 2, no stealth, otherworldly, glowing,
explore regen
a: Begin Untransformation, Renounce Religion


You were on level 7 of the Dungeon.
You worshipped Ru.
Ru was noncommittal.
You were a hulking beast.
You visited 2 branches of the dungeon, and saw 8 of its levels.

You collected 156 gold pieces.

Inventory:

Armour
 a - a +0 animal skin
 f - a +0 ring mail
 j - a +0 pair of boots
 k - a +1 chain mail of fire resistance (worn)
Jewellery
 l - an amulet of guardian spirit (around neck)
 w - a ring of wizardry (left hand)
Talismans
 c - a beast talisman (active)
 d - a flux talisman
Wands
 m - a wand of charming (4)
 t - a wand of flame (1)
Scrolls
 b - a scroll of vulnerability {unknown}
 e - 3 scrolls of identify {unknown}
 g - a scroll of fog {unknown}
 o - a scroll of amnesia {unknown}
 p - 2 scrolls of noise {unknown}
 q - a scroll of immolation {unknown}
 u - a scroll of enchant armour {unknown}
Potions
 h - a potion of attraction {unknown}
 i - a potion of brilliance
 n - a potion of degeneration {unknown}
 r - a potion of curing
 s - a potion of mutation {unknown}
 v - a potion of heal wounds {unknown}
 x - a potion of might {unknown}


   Skills:
 + Level 3.2 Fighting
 + Level 3.7 Dodging
 * Level 9.9 Unarmed Combat
 + Level 6.5 Shapeshifting


You had 8 spell levels left.
You didn't know any spells.
Your spell library contained the following spells:

 Spells                   Type           Power      Damage    Failure   Level
 Kiss of Death            Conj/Necr      0%         2d5       86%         1
 Confusing Touch          Hex            0%         N/A       99%         3
 Dispel Undead            Necr           0%         3d6       100%        4


Dungeon Overview and Level Annotations

Branches:
Dungeon (7/15) Zot: 1847   Temple (1/1) D:4 Zot: 556

Altars:
Dithmenos
Elyvilon
Fedhas
Kikubaaqudgha
Makhleb
Nemelex Xobeh
Okawaru
Ru
Sif Muna
Vehumet
Wu Jian
Xom
Yredelemnul
The Shining One

Shops:
D:5 ?

Annotations:
D:6 Edmund
D:7 LeprechaunX's ghost, novice OpSh


Innate Abilities, Weirdness & Mutations

You are a hulking beast.
Your limbs bulge with bestial killing power. (Slay +4)
You passively map the area around you.
You cannot be stealthy.
You are easily found by Zot.
You glow in the dark.
You regain HP and MP as you explore.


Message History

The curare-tipped dart hits you.
You are poisoned.
You have difficulty breathing.
* * * LOW HITPOINT WARNING * * *
You feel as though you will be slow longer.
The kobold brigand hits LeprechaunX's ghost with a +2 short sword of venom.
The kobold brigand hits you with a +0 dagger.
* * * LOW HITPOINT WARNING * * *
LeprechaunX's ghost barely misses the kobold brigand.
The kobold brigand completely misses LeprechaunX's ghost.
The kobold brigand hits you but does no damage.
The kobold brigand hits LeprechaunX's ghost with a +0 dagger!
The kobold brigand hits LeprechaunX's ghost with a +2 short sword of venom!
The kobold brigand barely misses LeprechaunX's ghost.
The kobold brigand hits you but does no damage.
LeprechaunX's ghost hits the kobold brigand.
You hit the kobold brigand.
The kobold brigand is severely wounded.
You feel very sick.
The kobold brigand hits you with a +0 short sword.
* * * LOW HITPOINT WARNING * * *
The kobold brigand barely misses LeprechaunX's ghost.
The kobold brigand throws a curare-tipped dart.
The curare-tipped dart hits LeprechaunX's ghost.
LeprechaunX's ghost hits the kobold brigand!
The kobold brigand completely misses LeprechaunX's ghost.
The kobold brigand hits you with a +0 dagger!
* * * LOW HITPOINT WARNING * * *
You hit the kobold brigand but do no damage.
The kobold brigand is severely wounded.
* * * LOW HITPOINT WARNING * * *
You feel very sick.
The kobold brigand looks more healthy.
The kobold brigand throws a curare-tipped dart.
The curare-tipped dart barely misses LeprechaunX's ghost.
The curare-tipped dart hits you.
You are more poisoned.
You have difficulty breathing.
* * * LOW MAGIC WARNING * * *
You die...

#..................##
#...........##....#.
*#....##....##.....#
#....#.....#.....#.
#####...##.............
*...............##......
*
.....#.K........#......
### ##K........##..... *
###hKK...#...#......
##.♣.##W#...#......#.#.
,
*#.....#KK.....#.)..#.##
#!.###.KK).....#..###...
,#(.....'...).......
#... *
*/.###.'...............#
* ....#................
*,
#P♣.##.........#....#.
#*###......#.#.#......


You could see 8 kobold brigands and the friendly LeprechaunX's ghost (charmed).

Vanquished Creatures
  The ghost of SirDiesAlot the Changeling, a novice OpSh (D:4)
  A water moccasin (D:5)
  An orc warrior (D:7)
  2 centaurs
  A phantom (D:5)
  A kobold brigand (D:7)
  A crimson imp (D:5)
  A hound (D:5)
  2 orc priests (D:4)
  A gnoll bouda (D:3)
  An iguana (D:5)
  A sleepcap (D:7)
  5 orc wizards
  7 adders
  4 gnolls (D:3)
  A white imp (D:6)
  2 ufetubi
  16 orcs
  4 endoplasms
  2 giant cockroaches
  4 goblins
  5 hobgoblins
  4 jackals
  5 kobolds
  5 quokkas
  3 ball pythons
  3 bats (D:2)
  5 frilled lizards
  3 rats
92 creatures vanquished.

Vanquished Creatures (collateral kills)
  A kobold brigand (D:7)
1 creature vanquished.

Grand Total: 93 creatures vanquished

Notes
Turn   | Place    | Note
-------+----------+-------------------------------------------
     0 | D:1      | lunkers the Meteoran Shapeshifter began the quest for the
                  | Orb.
     0 | D:1      | Reached XP level 1. HP: 16/16 MP: 2/2
   145 | D:1      | Reached XP level 2. HP: 22/23 MP: 3/3
   148 | D:1      | Reached skill level 4 in Unarmed Combat
   362 | D:2      | Reached XP level 3. HP: 26/28 MP: 4/4
   470 | D:2      | Found a faded altar of an unknown god.
   668 | D:2      | Reached XP level 4. HP: 35/35 MP: 5/5
   674 | D:2      | Found an ornate altar of the Wu Jian Council.
   777 | D:3      | Reached skill level 5 in Unarmed Combat
  1074 | D:3      | Reached XP level 5. HP: 24/40 MP: 2/6
  1139 | D:3      | Found a white marble altar of Elyvilon.
  1179 | D:4      | Reached skill level 6 in Unarmed Combat
  1199 | D:4      | Found a staircase to the Ecumenical Temple.
  1209 | Temple   | Entered the Ecumenical Temple
  1231 | Temple   | Became a worshipper of Ru the Awakened
  1398 | D:4      | Reached XP level 6. HP: 19/47 MP: 2/7
  1572 | D:4      | Found a runed translucent door.
  1575 | D:4      | Noticed SirDiesAlot's ghost (novice OpSh)
  1606 | D:4      | Killed SirDiesAlot's ghost
  1607 | D:4      | Reached skill level 8 in Unarmed Combat
  1607 | D:4      | Reached skill level 5 in Shapeshifting
  1607 | D:4      | Reached XP level 7. HP: 31/52 MP: 6/8
  1776 | D:4      | Found a glowing golden altar of the Shining One.
  1776 | D:4      | Found a shimmering blue altar of Sif Muna.
  1808 | D:5      | Entered Level 5 of the Dungeon
  1825 | D:5      | Reached XP level 8. HP: 49/59 MP: 6/9
  1875 | D:5      | Reached skill level 9 in Unarmed Combat
  1889 | D:5      | Found a burning altar of Makhleb.
  1889 | D:5      | Found a radiant altar of Vehumet.
  1983 | D:5      | Found Horiul's Magic Scroll Shop.
  2127 | D:5      | You fall into a shaft and drop 2 floors!
  2271 | D:6      | Gained mutation: You passively map the area around you.
                  | [Meteoran growth]
  2271 | D:6      | Reached XP level 9. HP: 65/68 MP: 10/10
  2294 | D:6      | Noticed Edmund
  2299 | D:6      | Gained mutation: You cannot be stealthy. [Ru sacrifice]
  2387 | D:7      | Found a runed translucent gate.
  2387 | D:7      | Noticed LeprechaunX's ghost (novice OpSh)
  2388 | D:7      | Found a runed translucent gate.
  2392 | D:7      | Found a runed translucent gate.
  2425 | D:7      | Asphyxiated

Illustrated notes

Levels and vault maps discovered:
D:1:      roderic_chinese_lattice_arrival, layout_basic,
          chequers_serial_rivers_micro_b, minmay_vboxes
D:2:      layout_loops_ring, basic_altar, hellmonk_ecumenical_altar_slurped_away
D:3:      layout_loops_corners, mainiacjoe_overflow_alcove_1,
          minmay_overflow_temple_star_quad, nicolae_grassy_gnolls
D:4:      minmay_razor_zed, layout_layer_cave, gammafunk_temple_overflow_statue,
          minmay_temple_entry_nine_rooms, gammafunk_ghost_grave,
          kennysheep_crisscross
D:5:      layout_loops_ring, grunt_temple_overflow_lords_of_destruction,
          pdpol_temple_overflow_zin_treasury_gozag_greed, serial_shops,
          nicolae_shop_waterfront
D:6:      layout_rooms, trog_ov_bears_minmay, uniq_edmund
D:7:      layout_cave_pools, gammafunk_ghost_nasty_kobolds
Temple:   nicolae_temple_bog_church

Skill      XL: |  1  2  3  4  5  6  7  8  9 |
---------------+----------------------------+-----
Unarmed Combat | 4 5 6 8 9 |  9.9
Shapeshifting  | 4 5 6 |  6.5
Fighting       | 2 3 |  3.2
Dodging        | 3 |  3.7

Action                     |  1- 3 |  4- 6 |  7- 9 || total
---------------------------+-------+-------+-------++-------
  Melee: Unarmed           |    58 |    93 |   116 ||   267
         Punch             |       |     3 |    10 ||    13
 Invoke: Sacrifice Stealth |       |       |     1 ||     1
  Evoke: Wand              |       |       |     2 ||     2
    Use: Potion            |       |     1 |     4 ||     5
 Armour: Ring mail         |    11 |       |       ||    11
         Chain mail        |     6 |    32 |    63 ||   101
         Skin              |       |     4 |    19 ||    23
  Dodge: Dodged            |    34 |    44 |    58 ||   136

Table legend: (Time is in decaauts)
 A = Elapsed time spent in this place.
 B = Non-inter-level travel time spent in this place.
 C = Inter-level travel time spent in this place.
 D = Time resting spent in this place.
 E = Time spent auto-exploring this place.
 F = Levels seen in this place.
 G = Mean time per level.
                   A        B        C        D        E       F      G
               +--------+--------+--------+--------+--------+-----+--------+
         Total |   2394 |   2342 |     52 |     45 |   1569 |   8 |  299.2 |
       Dungeon |   2350 |   2317 |     33 |     45 |   1569 |   7 |  335.7 |
        Temple |     43 |     24 |     19 |      0 |      0 |   1 |   43.0 |
               +--------+--------+--------+--------+--------+-----+--------+

Top non-repeatable levels by time:
     D:4: 590 daAuts
     D:2: 418 daAuts
     D:3: 410 daAuts
     D:1: 332 daAuts
     D:5: 311 daAuts
     D:7: 218 daAuts
     D:6: 69 daAuts
  Temple: 43 daAuts
